 Dungeon Crawl Stone Soup version 0.28.0-53-g5a82cb258f (webtiles) character file.

Game seed: 1363343930645532740

12978 safid the Severer (level 12, -7/100 HPs)
             Began as a Hill Orc Fighter on Aug 15, 2022.
             Was a Follower of Beogh.
             Mangled by a 14-headed hydra (12 damage)
             ... on level 9 of the Dungeon.
             The game lasted 00:20:17 (17689 turns).

safid the Severer (Hill Orc Fighter)               Turns: 17689, Time: 00:20:18

Health: -7/100     AC: 22    Str: 27    XL:     12   Next: 1%
Magic:  16/26      EV:  7    Int:  8    God:    Beogh [*.....]
Gold:   535        SH:  9    Dex: 10    Spells: 11/11 levels left

rFire   . . .      SeeInvis +   a - +0 war axe
rCold   . . .      Faith    .   I - +0 kite shield
rNeg    . . .      Spirit   .   v - +0 plate armour
rPois   .          Reflect  .   N - +1 helmet
rElec   .          Harm     .   J - +2 cloak
rCorr   .          Rampage  .   G - +2 pair of gloves {Str+3}
Will    +....                   (no boots)
Stlth   ..........              (no amulet)
HPRegen 0.26/turn               D - ring of Aheck {MP+9 SInv}
MPRegen 0.20/turn               i - ring of willpower

@: no status effects
A: no striking features
a: Renounce Religion


You were on level 9 of the Dungeon.
You worshipped Beogh.
Beogh was aware of your devotion.
You visited 1 branch of the dungeon, and saw 11 of its levels.
You also visited: Ossuary.

You collected 605 gold pieces.
You spent 70 gold pieces at shops.

Inventory:

Hand Weapons
 a - a +0 war axe (weapon)
Missiles
 f - 28 poisoned darts (quivered)
 A - 2 javelins
Armour
 v - a +0 plate armour (worn)
 G - a +2 pair of gloves of strength (worn)
 I - a +0 kite shield (worn)
 J - a +2 cloak (worn)
 N - a +1 helmet (worn)
Jewellery
 h - a ring of fire
 i - a ring of willpower (right hand)
 D - the ring of Aheck (left hand) {MP+9 SInv}
   (You found it on level 11 of the Dungeon)

   [ring of magical power]

   MP:        It affects your magic capacity (+9).
   SInv:      It lets you see invisible.
 L - a ring of fire
Wands
 j - a wand of flame (29)
 o - a wand of acid (9)
 s - a wand of iceblast (8)
 w - a wand of paralysis (5)
Scrolls
 c - 2 scrolls of immolation {unknown}
 g - 3 scrolls of enchant weapon
 k - 2 scrolls of vulnerability
 l - a scroll of teleportation
 n - 3 scrolls of blinking
 q - a scroll of fear {unknown}
 t - 3 scrolls of torment
 x - 2 scrolls of amnesia
 y - 6 scrolls of magic mapping
 H - a scroll of acquirement {unknown}
 M - a scroll of noise {unknown}
Potions
 b - 3 potions of haste
 d - a potion of ambrosia {unknown}
 e - 4 potions of attraction
 m - a potion of berserk rage {unknown}
 p - a potion of lignification {unknown}
 r - a potion of resistance {unknown}
 u - a potion of magic {unknown}
 z - a potion of brilliance {unknown}
 B - 2 potions of mutation
 C - 3 potions of flight
 E - a potion of degeneration {unknown}
 F - a potion of cancellation {unknown}
 K - a potion of invisibility {unknown}


   Skills:
 + Level 7.3 Fighting
 - Level 16.0 Axes
 + Level 4.4 Throwing
 + Level 6.9 Armour
 + Level 4.1 Dodging
 * Level 7.7 Shields
 + Level 6.6 Invocations
 + Level 5.0 Evocations


You had 11 spell levels left.
You didn't know any spells.
Your spell library contained the following spells:

 Spells                   Type           Power      Damage    Failure   Level
 Magic Dart               Conj           0%         1d3       100%        1
 Corpse Rot               Necr/Air       0%         N/A       100%        2
 Ensorcelled Hibernation  Hex/Ice        0%         N/A       100%        2
 Poisonous Vapours        Pois/Air       0%         N/A       100%        2
 Searing Ray              Conj           0%         2d4       100%        2
 Spider Form              Tmut/Pois      0%         N/A       100%        3
 Anguish                  Hex/Necr       0%         N/A       100%        4
 Fulminant Prism          Conj/Hex       0%         3d6       100%        4
 Dispersal                Tloc           0%         N/A       100%        6
 Disjunction              Tloc           0%         N/A       100%        8


Dungeon Overview and Level Annotations

Branches:
Dungeon (11/15)            Temple (0/1) D:5            Lair (0/6) D:11
Ossuary (visited)
    Orc: D:9-12

Altars:
Cheibriados
Kikubaaqudgha
Qazlal

Shops:
D:1 [   D:5 **


Message History

You chop one of the 11-headed hydra's heads off!
The ten-headed hydra grows two more!
You hit the 12-headed hydra.
The 12-headed hydra is heavily wounded.
The 12-headed hydra barely misses you. You block the 12-headed hydra's attack.
The 12-headed hydra bites you.
The 12-headed hydra bites you but does no damage. x2
The 12-headed hydra closely misses you.
The 12-headed hydra bites you but does no damage. x3
You block the 12-headed hydra's attack.
The 12-headed hydra bites you but does no damage. x2
You chop one of the 12-headed hydra's heads off!
The 11-headed hydra grows two more!
You slash the 13-headed hydra!
The 13-headed hydra is severely wounded.
The 13-headed hydra bites you but does no damage. x2
The 13-headed hydra barely misses you. The 13-headed hydra bites you.
You block the 13-headed hydra's attack.
The 13-headed hydra bites you but does no damage.
The 13-headed hydra bites you!
The 13-headed hydra bites you but does no damage. x2
You block the 13-headed hydra's attack.
The 13-headed hydra completely misses you.
The 13-headed hydra bites you but does no damage. x2
You chop one of the 13-headed hydra's heads off!
The 12-headed hydra grows two more!
You slash the 14-headed hydra!
The 14-headed hydra is severely wounded.
The 14-headed hydra bites you but does no damage.
The 14-headed hydra bites you!
* * * LOW HITPOINT WARNING * * *
The 14-headed hydra bites you but does no damage.
You block the 14-headed hydra's attack.
The 14-headed hydra bites you but does no damage.
The 14-headed hydra bites you!
* * * LOW HITPOINT WARNING * * *
The 14-headed hydra bites you!
* * * LOW HITPOINT WARNING * * *
You block the 14-headed hydra's attack.
The 14-headed hydra bites you but does no damage. x2
The 14-headed hydra barely misses you. You block the 14-headed hydra's attack.
The 14-headed hydra bites you!
You die...

#...............####
#.........##.##.##
#................#
##.............#.#
##.....#........###
#(#####.....#.....
#<# #..........# #D#
#...........
####@#####.....#....#
#.......##.....##...#
#.......######.##...#
#.......# #.......
#..)....#########....
#....................
#.......############.
#.......# #.
#.^.....# #.


You could see a 14-headed hydra (poisoned).

Vanquished Creatures
  A centaur warrior (D:10)
  5 two-headed ogres
  Pikel (D:7)
  An unseen horror (D:11)
  2 komodo dragons (D:11)
  2 trolls
  A hornet (D:11)
  5 wraiths
  Sigmund (D:2)
  A shadow (D:10)
  2 wyverns
  Grum (D:9)
  2 yaks
  Menkaure (D:4)
  Eustachio (D:4)
  2 vampire mosquitoes (D:10)
  Edmund (D:5)
  A water moccasin (D:8)
  5 acid dragons
  Duvessa (D:5)
  3 orc warriors
  2 ice beasts
  A sky beast (D:6)
  2 necrophages
  2 wolves (D:8)
  An ogre (D:6)
  6 centaurs
  2 lemures (D:7)
  2 bullfrogs
  2 kobold brigands
  2 scorpions
  Blork the orc (D:4)
  2 gnoll sergeants
  Dowan (D:5)
  8 wights
  4 electric eels (D:7)
  2 howler monkeys
  4 centaur zombies
  5 orc priests
  A gnoll shaman (D:5)
  2 hounds
  3 jellies
  2 iguanas
  8 orc wizards
  A killer bee zombie (D:5)
  2 howler monkey zombies
  11 gnolls
  6 adders
  A howler monkey skeleton (D:4)
  A shadow imp (D:7)
  2 white imps
  An ufetubus (D:5)
  2 adder zombies
  2 adder skeletons
  3 dart slugs
  17 orcs
  6 ball pythons
  3 endoplasms
  2 giant cockroaches
  8 goblins
  4 hobgoblins
  8 jackals
  3 quokkas
  3 bats
  2 frilled lizards
  2 hobgoblin skeletons (Ossuary)
  2 hobgoblin zombies (Ossuary)
  10 kobolds
  2 kobold zombies (Ossuary)
  3 rats (D:1)
212 creatures vanquished.

Vanquished Creatures (others)
  2 orcs (D:5)
  15 plants (D:7)
17 creatures vanquished.

Grand Total: 229 creatures vanquished

Notes
Turn   | Place    | Note
-------+----------+-------------------------------------------
     0 | D:1      | safid the Hill Orc Fighter began the quest for the Orb.
     0 | D:1      | Reached XP level 1. HP: 19/19 MP: 1/1
    62 | D:1      | Found Falos's Armour Boutique.
   171 | D:1      | Reached XP level 2. HP: 23/27 MP: 2/2
   392 | D:1      | Reached skill level 3 in Axes
   468 | D:1      | Found a faded altar of an unknown god.
   719 | D:2      | Reached XP level 3. HP: 33/33 MP: 3/3
   797 | D:2      | Noticed Sigmund
   823 | D:2      | Killed Sigmund
   824 | D:2      | Reached skill level 6 in Axes
   824 | D:2      | Reached XP level 4. HP: 10/40 MP: 4/4
   824 | D:2      | Reached XP level 5. HP: 12/46 MP: 5/5
  2165 | D:3      | Found an ancient bone altar of Kikubaaqudgha.
  2554 | D:3      | Found a stormy altar of Qazlal.
  2993 | D:4      | Reached skill level 7 in Axes
  2993 | D:4      | Reached XP level 6. HP: 46/52 MP: 6/6
  2995 | D:4      | Found a sand-covered staircase.
  3000 | Ossuary  | Entered an ossuary
  3373 | Ossuary  | Noticed a flying skull
  3373 | Ossuary  | Noticed a wraith
  3380 | Ossuary  | Noticed a flying skull
  3382 | Ossuary  | Noticed a flying skull
  3406 | Ossuary  | Noticed a flying skull
  3407 | Ossuary  | Noticed a flying skull
  3416 | Ossuary  | Noticed a wraith
  3433 | Ossuary  | HP: 2/48 [wraith (6)]
  3434 | Ossuary  | Killed a wraith
  3435 | Ossuary  | Reached skill level 9 in Axes
  3435 | Ossuary  | Reached XP level 7. HP: 3/59 MP: 7/7
  3719 | Ossuary  | Noticed a wraith
  3734 | Ossuary  | Killed a wraith
  4029 | Ossuary  | Reached skill level 10 in Axes
  4192 | D:4      | Found a snail-covered altar of Cheibriados.
  4291 | D:4      | Noticed Blork the orc
  4298 | D:4      | Killed Blork the orc
  4981 | D:4      | Reached XP level 8. HP: 63/66 MP: 8/8
  5051 | D:4      | Noticed Menkaure
  5559 | D:5      | Entered Level 5 of the Dungeon
  5650 | D:5      | Reached skill level 11 in Axes
  6051 | D:5      | Noticed Dowan
  6051 | D:5      | Noticed Duvessa
  6065 | D:5      | Killed Duvessa
  6077 | D:5      | Killed Dowan
  6078 | D:5      | Reached skill level 12 in Axes
  6345 | D:5      | Found a staircase to the Ecumenical Temple.
  6347 | D:5      | Noticed Edmund
  6358 | D:5      | Noticed Eustachio
  6560 | D:4      | Killed Eustachio
  6691 | D:4      | Killed Menkaure
  6692 | D:4      | Reached skill level 13 in Axes
  6811 | D:5      | Killed Edmund
  7079 | D:5      | Became a worshipper of Beogh the Brigand
  7089 | D:5      | Reached skill level 14 in Axes
  7089 | D:5      | Reached XP level 9. HP: 71/71 MP: 9/9
  7093 | D:5      | Found Xeqytag's Specific Store.
  7097 | D:5      | Found Warch's General Store.
  7128 | D:5      | Bought 2 scrolls of magic mapping for 70 gold pieces
  8640 | D:6      | Reached skill level 15 in Axes
  9632 | D:7      | Reached skill level 16 in Axes
  9653 | D:7      | Reached skill level 1 in Invocations
  9975 | D:7      | Noticed Pikel
 10008 | D:7      | Killed Pikel
 10009 | D:7      | Reached skill level 1 in Throwing
 10009 | D:7      | Reached skill level 1 in Dodging
 10009 | D:7      | Reached skill level 1 in Evocations
 10009 | D:7      | Reached XP level 10. HP: 50/80 MP: 9/11
 10877 | D:8      | Reached * piety under Beogh
 10910 | D:8      | Reached skill level 5 in Fighting
 11344 | D:8      | Reached skill level 5 in Armour
 11560 | D:9      | Noticed Grum
 11876 | D:9      | Noticed a two-headed ogre
 12073 | D:9      | Killed a two-headed ogre
 12083 | D:9      | Killed Grum
 12094 | D:9      | Reached ** piety under Beogh
 12721 | D:8      | Noticed an unseen horror
 12721 | D:8      | Noticed an eight-headed hydra
 12731 | D:10     | Entered Level 10 of the Dungeon
 12732 | D:10     | Noticed a two-headed ogre
 12752 | D:10     | Killed a two-headed ogre
 12753 | D:10     | Reached skill level 5 in Shields
 13152 | D:10     | Reached XP level 11. HP: 87/89 MP: 14/14
 13173 | D:10     | Reached skill level 5 in Invocations
 14501 | D:11     | Noticed a centaur warrior
 14511 | D:11     | Noticed a two-headed ogre
 14870 | D:10     | Killed a two-headed ogre
 14879 | D:10     | Killed a centaur warrior
 15634 | D:11     | HP: 4/91 [komodo dragon (7)]
 16000 | D:11     | Noticed a two-headed ogre
 16012 | D:11     | Killed a two-headed ogre
 16077 | D:11     | Noticed a two-headed ogre
 16090 | D:11     | Killed a two-headed ogre
 16581 | D:11     | Found a staircase to the Lair.
 16586 | D:11     | Identified the ring of Aheck {MP+9 SInv}
 16660 | D:11     | Paralysed by a hornet for 2 turns
 16665 | D:11     | Reached skill level 5 in Evocations
 17324 | D:11     | Reached XP level 12. HP: 96/100 MP: 17/17
 17689 | D:9      | HP: 5/100 [14-headed hydra (8)]
 17689 | D:9      | Mangled by a 14-headed hydra

Illustrated notes

Levels and vault maps discovered:
D:1:      dpeg_arrival_houses_and_road, layout_basic,
          dreamdust_ecumenical_altar_hidden_monk_grotto, serial_shops,
          nicolae_shop_hallway_stairs
D:2:      layout_basic, uniq_sigmund
D:3:      layout_basic, mainiacjoe_overflow_catwalk_spiral
D:4:      layout_basic, nicolae_overflow_hidden_temple, enter_ossuary_2,
          hangedman_decor_riveting, minmay_box_of_dots, uniq_menkaure,
          uniq_blork_the_orc
D:5:      layout_rooms, minmay_temple_entry_stoned_glass,
          nicolae_specific_store, uniq_edmund, uniq_eustachio, uniq_duvessa
D:6:      layout_basic, amethyst_killhole
D:7:      layout_loops_ring, serial_bayou, serial_bayou_ford_a,
          serial_bayou_shore_a, serial_bayou_pond_d, serial_bayou_shore_b,
          uniq_pikel
D:8:      layout_basic, ebering_dispersal_statue_hall
D:9:      layout_rooms, nrook_campfire, uniq_grum
D:10:     layout_loops_ring, minivault_24, kennysheep_generic_room_6
D:11:     layout_small_grid, lair_entry_dummy, onia_ninara_cookie

Skill      XL: |  1  2  3  4  5  6  7  8  9 10 11 |
---------------+----------------------------------+-----
Axes           | 3 6 7 9 10 14 16 | 16.0
Fighting       | 4 6 7 |  7.3
Armour         | 4 5 6 |  6.9
Shields        | 4 5 7 |  7.7
Invocations    | 2 4 6 |  6.6
Throwing       | 1 3 4 |  4.4
Dodging        | 1 3 4 |  4.1
Evocations     | 1 3 5 |  5.0

Action                   |  1- 3 |  4- 6 |  7- 9 | 10-12 || total
-------------------------+-------+-------+-------+-------++-------
Melee: War axe           |    46 |   137 |   346 |   477 ||  1006
Throw: Throwing net      |       |       |     1 |     1 ||     2
       Javelin           |       |       |       |     2 ||     2
       Dart              |       |       |       |    16 ||    16
Invok: Convert to Beogh  |       |       |     1 |       ||     1
       Smiting           |       |       |       |     7 ||     7
Evoke: Wand              |       |       |     1 |       ||     1
  Use: Potion            |     1 |       |       |     6 ||     7
       Scroll            |       |       |     6 |     8 ||    14
 Stab: Held in net/web   |       |       |     2 |       ||     2
Armor: Scale mail        |    25 |    16 |       |       ||    41
       Chain mail        |       |    42 |    14 |       ||    56
       Plate armour      |       |       |   139 |   333 ||   472
Dodge: Dodged            |    24 |    45 |    77 |   154 ||   300
Block: Buckler           |    12 |    19 |    47 |    17 ||    95
       Kite shield       |       |       |       |   204 ||   204
